 Dungeon Crawl Stone Soup version 0.25-a0-251-g572059c536 (webtiles) character file.

Game seed: 15584678246124325279, levelgen mode: classic

341 Borgoz the Covered (level 6, -2/43 HPs)
             Began as a Halfling Fighter on Dec 4, 2019.
             Slain by an ogre
             ... wielding a +0 giant club
              (26 damage)
             ... on level 4 of the Dungeon.
             The game lasted 00:06:13 (3242 turns).

Borgoz the Covered (Halfling Fighter)               Turns: 3242, Time: 00:06:14

Health: -2/43      AC: 10    Str: 18    XL:     6   Next: 87%
Magic:  6/6        EV:  9    Int:  6    God:
Gold:   132        SH: 10    Dex: 15    Spells: 5/5 levels left

rFire    . . .     SeeInvis .   a - +0 long sword
rCold    . . .     Gourm    .   c - +0 shield
rNeg     . . .     Faith    .   m - +0 scale mail
rPois    +         Spirit   .   i - +0 helmet
rElec    .         Reflect  .   l - +1 cloak
rCorr    .         Harm     .   (no gloves)
MR       .....                  (no boots)
Stlth    +.........             (no amulet)
HPRegen  0.14/turn              n - ring of poison resistance
MPRegen  0.10/turn              s - ring of stealth

@: no status effects
A: small, mutation resistance 1
a: no special abilities


You were on level 4 of the Dungeon.
You were not hungry.

You visited 1 branch of the dungeon, and saw 4 of its levels.

You collected 132 gold pieces.

Inventory:

Hand Weapons
 a - a +0 long sword (weapon)
 b - a +0 short sword of venom
Armour
 c - a +0 shield (worn)
 i - a +0 helmet (worn)
 l - a +1 cloak (worn)
 m - a +0 scale mail (worn)
Jewellery
 n - a ring of poison resistance (left hand)
 p - an uncursed ring of flight
 s - a ring of stealth (right hand)
Scrolls
 e - 3 scrolls of amnesia
 g - 4 scrolls of teleportation {unknown}
 h - a scroll of enchant weapon
 t - 2 scrolls of remove curse
Potions
 d - 2 potions of might
 j - a potion of mutation {unknown}
 k - a potion of resistance
 o - a potion of lignification {unknown}
 q - a potion of flight
Comestibles
 f - 6 rations


   Skills:
 + Level 4.0 Fighting
 + Level 3.7 Long Blades
 + Level 4.8 Armour
 + Level 4.8 Shields


You had 5 spell levels left.
You didn't know any spells.
Your spell library was empty.

Dungeon Overview and Level Annotations

Branches:
Dungeon (4/15)
 Temple: D:4-7

Altars:
The Shining One


Innate Abilities, Weirdness & Mutations

You are small and have problems with some larger weapons.
You are somewhat resistant to further mutation.


Message History

You closely miss the ogre. The ogre hits you but does no damage.
Your shield prevents you from hitting the ogre.
The ogre hits you with a +0 giant club. x2
You slash the ogre!
The ogre is moderately wounded.
You block the ogre's attack.
You slash the ogre!
The ogre is severely wounded.
The ogre hits you with a +0 giant club!
You hit the ogre.
The ogre is severely wounded.
You block the ogre's attack.
You hit the ogre.
The ogre is almost dead.
The ogre hits you but does no damage.
You hit the ogre.
The ogre is almost dead.
The ogre hits you with a +0 giant club!!
Ouch! That really hurt!
You die...

#.#####.#.# #.
####.#.### ##
..........#
.####.###.###### ##
#.# #......# #.
#.###.####.### #.
#.....# ....# #.
#.##.###.....#
#######. #...@Og.....
........
#..###.....#w#######.
#..# ....#.......).
#..# #############
#..# ...# ....# ####


You could see an ogre and a gnoll.

Vanquished Creatures
  A phantom (D:4)
  A howler monkey (D:4)
  Terence (D:3)
  Crazy Yiuf (D:3)
  Robin (D:3)
  5 gnolls
  2 adders
  2 oozes
  2 worms
  2 dart slugs
  A leopard gecko (D:2)
  2 orcs (D:3)
  4 giant cockroaches
  11 goblins
  11 hobgoblins
  3 quokkas
  3 bats
  A frilled lizard (D:3)
  6 kobolds
  8 rats
  A bush (D:1)
  2 plants (D:1)
71 creatures vanquished.

Notes
Turn   | Place    | Note
-------+----------+-------------------------------------------
     0 | D:1      | Borgoz the Halfling Fighter began the quest for the Orb.
     0 | D:1      | Reached XP level 1. HP: 15/15 MP: 1/1
   143 | D:1      | Reached XP level 2. HP: 12/20 MP: 2/2
   916 | D:2      | Reached XP level 3. HP: 25/26 MP: 3/3
  1444 | D:2      | Found a glowing golden altar of the Shining One.
  1519 | D:2      | Reached XP level 4. HP: 31/31 MP: 4/4
  1829 | D:3      | Found a runed translucent door.
  1830 | D:3      | Noticed Crazy Yiuf
  2122 | D:3      | Noticed Terence
  2127 | D:3      | Reached XP level 5. HP: 32/36 MP: 5/5
  2137 | D:3      | Killed Terence
  2363 | D:3      | Noticed Robin
  2421 | D:3      | Killed Robin
  2811 | D:3      | Killed Crazy Yiuf
  2811 | D:3      | Reached XP level 6. HP: 20/42 MP: 6/6
  2884 | D:4      | Noticed a phantom
  2934 | D:4      | Killed a phantom
  3223 | D:4      | Noticed an ogre
  3242 | D:4      | Slain by an ogre

Levels and vault maps discovered:
D:1:      ncdulo_smallfort, layout_rooms, serial_forest,
          infiniplex_forest_straight_4, infiniplex_forest_lined_room_2,
          infiniplex_forest_end_double, infiniplex_forest_end_2,
          infiniplex_forest_end_3, infiniplex_forest_clump_curved,
          minmay_misc_feat_enclosed
D:2:      layout_basic, nicolae_tso_carved_into_rock
D:3:      layout_basic, uniq_robin, uniq_crazy_yiuf_cottage, uniq_terence
D:4:      layout_loops_ring

Skill      XL: |  1  2  3  4  5  6 |
---------------+-------------------+-----
Fighting       | 3 4 |  4.0
Armour         | 4 |  4.8
Shields        | 4 |  4.8
Long Blades    | 3 |  3.7

Action                   |  1- 3 |  4- 6 || total
-------------------------+-------+-------++-------
Melee: Long sword        |   281 |   166 ||   447
  Use: Scroll            |       |     8 ||     8
       Potion            |       |     2 ||     2
 Stab: Invisible         |       |     1 ||     1
  Eat: Chunk             |     2 |     7 ||     9
Armor: Scale mail        |    38 |    52 ||    90
Dodge: Dodged            |    43 |    60 ||   103
Block: Shield            |    69 |    93 ||   162
       Rpst.: Long sword |    12 |    25 ||    37

Table legend:
 A = Non-vault XP
 B = Vault XP
 C = Vault XP percentage of total XP
 D = Non-vault monster count
 E = Vault monster count
 F = Vault count percentage of total count
                 A         B        C        D         E       F
            +---------+---------+-------+---------+---------+-------
      Total |     380 |     108 |  22.1 |      55 |      13 |  19.1
            +---------+---------+-------+---------+---------+-------
        D:1 |      25 |       0 |   0.0 |      16 |       0 |   0.0
        D:2 |      50 |       0 |   0.0 |      15 |       0 |   0.0
        D:3 |      88 |     108 |  55.1 |      19 |      13 |  40.6
        D:4 |     217 |       0 |   0.0 |       5 |       0 |   0.0
            +---------+---------+-------+---------+---------+-------
